 Dungeon Crawl Stone Soup version 0.29.1-2-gbd0b4ee654 (webtiles) character file.

Game seed: 13712604336445362278

308630 safid the Crack Shot (level 20, -2/191 HPs)
             Began as a Minotaur Hunter on Nov 14, 2022.
             Was a High Priest of Okawaru.
             Slain by an air elemental (3 damage)
             ... summoned by Sojobo
             ... while paralysed by an air elemental
             ... in the Arena.
             The game lasted 02:01:45 (33554 turns).

safid the Crack Shot (Minotaur Hunter)             Turns: 33554, Time: 02:01:46

Health: -2/191     AC: 25    Str: 13    XL:     20   Next: 35%
Magic:  26/28      EV:  2    Int:  8    God:    Okawaru [*****.]
Gold:   4186       SH:  0    Dex: 34    Spells: 17/19 levels left

rFire   + . .      SeeInvis .   C - +9 hand crossbow (freeze)
rCold   . . .      Faith    .   n - +5 kite shield {AC+3}
rNeg    + . .      Spirit   .   e - +2 scale mail of Death's Door {Dex+7}
rPois   +          Reflect  .   q - +2 hat of Piw Syi {Int+2}
rElec   +          Harm     .   k - +0 cloak "Qituekh" {Fly Dex+6}
rCorr   .          Rampage  +   j - +2 pair of gloves
Will    +....                   b - +2 pair of boots {rampage}
Stlth   ..........              r - amulet of regeneration
HPRegen 1.21/turn               O - ring of protection from fire
MPRegen 0.21/turn               W - ring "Ofearcha" {+Blink rElec rPois rN+ Str-5}

@: confused, paralysed, ambrosia-drunk, flying, hasted, invisible, duelling
A: horns 2, retaliatory headbutt
}: 2/15 runes: serpentine, barnacled
a: Renounce Religion, Evoke Blink, Heroism, Finesse, Duel


You were in the Arena.
You worshipped Okawaru.
Okawaru was extremely pleased with you.
You visited 8 branches of the dungeon, and saw 36 of its levels.
You visited the Abyss 1 time.
You also visited: Sewer and Ice Cave.

You collected 5406 gold pieces.
You spent 1220 gold pieces at shops.

Inventory:

Hand Weapons
 f - the +8 storm bow {elec, penet}
   (Okawaru gifted it to you on level 1 of the Depths)

   Any ammunition fired from it occasionally discharges a powerful burst of
   electricity upon striking a foe.
   Any ammunition fired by it passes through the targets it hits, potentially
   hitting all targets in its path until it reaches maximum range.
 C - a +9 hand crossbow of freezing (weapon)
 L - the +10 longbow "Ventite" {venom, Int+2 Dex+4}
   (You acquired it on level 8 of the Dungeon)

   Any ammunition fired from it poisons the flesh of those it strikes.
   Int:       It affects your intelligence (+2).
   Dex:       It affects your dexterity (+4).
Missiles
 d - 8 throwing nets
 J - 17 curare-tipped darts
Armour
 b - a +2 pair of boots of rampaging (worn)
 e - the +2 scale mail of Death's Door (worn) {Dex+7}
   (You bought it in a shop on level 6 of the Dungeon)

   Dex:       It affects your dexterity (+7).
 j - a +2 pair of gloves (worn)
 k - the +0 cloak "Qituekh" (worn) {Fly Dex+6}
   (You found it on level 3 of the Depths)

   Dex:       It affects your dexterity (+6).
   Fly:       It grants you flight.
 m - +7 gold dragon scales
 n - a +5 kite shield of protection (worn)
 q - the +2 hat of Piw Syi (worn) {Int+2}
   (Okawaru gifted it to you on level 2 of the Shoals)

   Int:       It affects your intelligence (+2).
Jewellery
 l - an amulet of magic regeneration
 r - an amulet of regeneration (around neck)
 G - a ring of resist corrosion
 O - a ring of protection from fire (left hand)
 R - an amulet of reflection
 U - the necklace of Bloodlust {*Rage Will++ Int-3 Slay+6}
   (You found it on level 4 of the Lair of Beasts)

   [amulet of nothing]

   It extends the wearer's berserk rage when killing foes.
   Int:       It affects your intelligence (-3).
   Slay:      It affects your accuracy & damage with ranged weapons and melee
   (+6).
   *Rage:     It berserks you when you make melee attacks (+50% chance).
   Will:      It greatly increases your willpower.
 W - the ring "Ofearcha" (right hand) {+Blink rElec rPois rN+ Str-5}
   (You found it in an ice cave)

   [ring of positive energy]

   Str:       It affects your strength (-5).
   rElec:     It insulates you from electricity.
   rPois:     It protects you from poison.
   rN:        It protects you from negative energy.
   +Blink:    It lets you blink.
 Z - a ring of protection from cold
Wands
 a - a wand of light (17)
 h - a wand of mindburst (20)
 s - a wand of roots (21)
 y - a wand of flame (57)
 D - a wand of paralysis (35)
 I - a wand of polymorph (10)
 K - a wand of digging (17)
Scrolls
 g - 7 scrolls of magic mapping
 i - 2 scrolls of fear
 o - 2 scrolls of silence
 p - a scroll of blinking
 u - 15 scrolls of teleportation
 x - 6 scrolls of enchant weapon
 B - a scroll of amnesia
 E - 7 scrolls of brand weapon
 Y - 2 scrolls of enchant armour
Potions
 c - 2 potions of ambrosia
 t - 15 potions of curing
 v - 3 potions of mutation
 w - 3 potions of haste
 z - 4 potions of resistance
 A - 4 potions of cancellation
 F - 2 potions of magic
 M - 5 potions of lignification
 T - 8 potions of brilliance
 V - 4 potions of invisibility
 X - 7 potions of might
Miscellaneous
 N - a condenser vane


   Skills:
 + Level 19.4 Fighting
 + Level 23.2 Ranged Weapons
 - Level 14.0 Armour
 - Level 14.0 Dodging
 - Level 1.0 Stealth
 - Level 14.0 Shields
 - Level 10.0 Translocations
 - Level 12.0 Invocations
 - Level 5.0 Evocations


You had 17 spell levels left.
You knew the following spells:

 Your Spells              Type           Power      Damage    Failure   Level
a - Blink                 Tloc           32%        N/A       6%          2

Your spell library contained the following spells:

 Spells                   Type           Power      Damage    Failure   Level
 Apportation              Tloc           32%        N/A       4%          1
 Gell's Gravitas          Tloc           16%        N/A       12%         3
 Lesser Beckoning         Tloc           16%        N/A       12%         3
 Teleport Other           Tloc           16%        N/A       12%         3
 Portal Projectile        Hex/Tloc       16%        N/A       67%         3
 Manifold Assault         Tloc           16%        N/A       73%         5
 Freeze                   Ice            0%         1d3       94%         1
 Sandblast                Erth           0%         2d4       94%         1
 Slow                     Hex            0%         N/A       94%         1
 Iskenderun's Mystic Bla  Conj/Tloc      8%         2d4       97%         4
 Ensorcelled Hibernation  Hex/Ice        0%         N/A       98%         2
 Passwall                 Tmut/Erth      0%         N/A       98%         2
 Sublimation of Blood     Necr           0%         N/A       98%         2
 Wereblood                Tmut           0%         N/A       98%         2
 Dispersal                Tloc           8%         N/A       99%         6
 Confusing Touch          Hex            0%         N/A       100%        3
 Ignite Poison            Fire/Tmut/Pois 0%         N/A       100%        3
 Inner Flame              Hex/Fire       0%         N/A       100%        3
 Mephitic Cloud           Conj/Pois/Air  0%         N/A       100%        3
 Spider Form              Tmut/Pois      0%         N/A       100%        3
 Stone Arrow              Conj/Erth      0%         3d7       100%        3
 Vampiric Draining        Necr           0%         2d6       100%        3
 Anguish                  Hex/Necr       0%         N/A       100%        4
 Cause Fear               Hex            0%         N/A       100%        4
 Fulminant Prism          Conj/Hex       0%         3d6       100%        4
 Leda's Liquefaction      Hex/Erth       0%         N/A       100%        4
 Olgreb's Toxic Radiance  Pois           0%         N/A       100%        4
 Alistair's Intoxication  Tmut/Pois      0%         N/A       100%        5
 Freezing Cloud           Conj/Ice/Air   0%         6-21      100%        5
 Lee's Rapid Deconstruct  Erth           0%         3d5*      100%        5
 Orb of Destruction       Conj           0%         9d5       100%        7
 Ozocubu's Refrigeration  Ice            0%         4d7       100%        7
 Storm Form               Tmut/Air       0%         N/A       100%        7
 Borgnjor's Revivificati  Necr           0%         N/A       100%        8
 Discord                  Hex            0%         N/A       100%        8
 Ignition                 Fire           0%         3d3       100%        8
 Necromutation            Tmut/Necr      0%         N/A       100%        8
 Death's Door             Necr           0%         N/A       100%        9
 Polar Vortex             Ice            0%         N/A       100%        9
 Call Canine Familiar     Summ           Unusable   N/A       N/A         3
 Summon Guardian Golem    Hex/Summ       Unusable   N/A       N/A         3
 Summon Ice Beast         Ice/Summ       Unusable   N/A       N/A         4
 Spellforged Servitor     Conj/Summ      Unusable   N/A       N/A         7
 Summon Hydra             Summ           Unusable   N/A       N/A         7

Dungeon Overview and Level Annotations

Branches:
Dungeon (15/15)            Temple (1/1) D:4            Lair (5/5) D:10
 Shoals (4/4) Lair:3        Snake (4/4) Lair:3        Slime (0/5) Lair:4
    Orc (2/2) D:12            Elf (0/3) Orc:2        Vaults (1/5) D:13
 Depths (4/4) D:15            Zot (0/5) Depths:4      Sewer (visited)
  IceCv (visited)

Altars:
Ashenzari
Cheibriados
Dithmenos
Elyvilon
Fedhas
Gozag
Hepliaklqana
Kikubaaqudgha
Makhleb
Nemelex Xobeh
Okawaru
Qazlal
Ru
Sif Muna
Trog
Uskayaw
Vehumet
Wu Jian
Xom
Yredelemnul
Zin
The Shining One
Lugonu

Shops:
D:6 =*[[   D:12 :   Orc:2 :[::*   Snake:1 =::   Snake:4 *

Portals:
Hell: Depths:1 Depths:2 Depths:3 Depths:4
Abyss: Depths:3 Depths:4
Pandemonium: Depths:2 Depths:4

Annotations:
D:4 2 runed translucent doors, Crazy Yiuf; jaketheleper's ghost, weakling TrEE
D:5 3 runed translucent doors, DemonSlayer's ghost, novice OpFE; funnyparkerb's ghost, amateur OpTm
D:15 2 transporters, Bananafolds's ghost, adept NaVM
Lair:3 3 runed translucent doors, Banquo's ghost, journeyman DjAE; Riqior's ghost, journeyman GnIE; Yjeari's ghost, journeyman GrMo
Depths:1 the Enchantress Arena Sojobo


Innate Abilities, Weirdness & Mutations

You have a pair of horns on your head.
You reflexively headbutt those who attack you in melee.


Message History

The air elemental completely misses you.
The air elemental fires a burst of electricity at you.
The stunning burst misses you.
Unknown command.
Fire: C) +9 hand crossbow (freeze)
Press: ? - help, Q - select action, (/) - cycle Shift-Dir - straight line, f/p - air elemental
Aim: an air elemental (heavily damaged, summoned, 70% to hit)
You shoot a bolt. The bolt hits the air elemental!
The bolt freezes the air elemental.
You destroy the air elemental!
The air elemental disappears in a puff of smoke!
Fire: C) +9 hand crossbow (freeze)
Press: ? - help, Q - select action, (/) - cycle Shift-Dir - straight line, f - Sojobo
Aim: Sojobo, wielding a +0 great sword of electrocution and wearing a +4 ring mail of willpower (black smoke, almost dead, repelling missiles, 29% to hit)
You shoot a bolt. The bolt hits Sojobo!
The bolt freezes Sojobo.
Sojobo is almost dead.
Sojobo mumbles some strange words.
Fire: C) +9 hand crossbow (freeze)
Press: ? - help, Q - select action, (/) - cycle Shift-Dir - straight line, f/p - Sojobo
Aim: Sojobo, wielding a +0 great sword of electrocution and wearing a +4 ring mail of willpower (almost dead, repelling missiles, 29% to hit)
You shoot a bolt. The bolt completely misses Sojobo.
The air elemental disappears in a puff of smoke!
The air elemental fires a burst of electricity at you.
The stunning burst hits you. You resist.
* * * LOW HITPOINT WARNING * * *
You feel better.
Okay, then.
You are confused.
You feel invigorated.
The air elemental fires a burst of electricity at you.
The stunning burst hits you! You resist.
* * * LOW HITPOINT WARNING * * *
The air elemental hits you!
* * * LOW HITPOINT WARNING * * *
The air elemental closely misses you.
The air elemental fires a burst of electricity at you.
The stunning burst hits you. You resist.
You suddenly lose the ability to move!
* * * LOW HITPOINT WARNING * * *
The air elemental hits you.
You die...

###########
##..p▓∩▓p..#
##▓▓▓▓▓▓▓▓▓▓▓##
#.▓.........▓.#
#.▓.#@E...#.▓.#
#.▓..EE.....▓p#
#▓▓...Q.....▓▓#
#p▓....∩....▓p#
#▓▓.........▓▓#
#p▓.........▓.#
#.▓.#.....#.▓p#
#.▓.........▓.#
##▓▓▓▓▓▓▓▓▓▓▓##


You could see Sojobo (repels missiles) and 3 air elementals.

Vanquished Creatures
  Parghit (Depths:4)
  A golden dragon (Depths:3)
  A bone dragon (Depths:4)
  2 walking crystal tomes
  2 liches (Depths:3)
  Asterion (Depths:2)
  A quicksilver dragon (Depths:4)
  2 krakens
  An acid blob (Depths:2)
  Agnes (Vaults:1)
  Kirke (Shoals:4)
  2 storm dragons
  2 tengu reavers
  A draconian monk (Depths:4)
  2 thorn hunters (Depths:2)
  A shadow dragon (Depths:4)
  7 nagarajas (Snake:4)
  A fire giant (Depths:3)
  A draconian knight (Depths:4)
  A deep elf sorcerer (Depths:3)
  A frost giant (Depths:3)
  A vault warden (Vaults:1)
  Aizul (Snake:2)
  Louise (Shoals:1)
  A balrug (Depths:1)
  A draconian annihilator (Depths:4)
  2 spriggan defenders
  3 stone giants
  The ghost of gdog the Covert, a journeyman GnDe of Gozag (Lair:5)
  2 ironbound preservers (Vaults:1)
  22 very ugly things
  A juggernaut skeleton (Depths:3)
  An ironbound thunderhulk (Vaults:1)
  4 vampire knights
  2 purple draconians (Depths:4)
  4 dire elephants (Vaults:1)
  A red draconian (Depths:4)
  A black draconian (Depths:4)
  3 spark wasps (Depths:2)
  2 blizzard demons
  3 ettins
  2 yellow draconians (Depths:4)
  A green death (Depths:2)
  7 merfolk impalers
  6 merfolk javelineers
  8 fire dragons
  Josephine (Shoals:1)
  2 yaktaur captains (Vaults:1)
  A great orb of eyes (Vaults:1)
  A great orb of eyes (shapeshifter) (Depths:3)
  7 ice dragons
  A rakshasa (Depths:3)
  3 salamander tyrants
  4 hydras
  3 spriggan air magi
  2 merfolk avatars (Shoals:4)
  2 catoblepae
  Fannar (D:10)
  Erica (Orc:1)
  3 boulder beetles
  11 centaur warriors
  An anaconda (shapeshifter) (Depths:3)
  4 two-headed ogres
  2 alligator snapping turtles (Shoals:4)
  A merfolk aquamancer (Shoals:1)
  4 deep troll earth magi
  3 satyrs
  3 death yaks (Lair:3)
  7 anacondas
  19 naga warriors
  6 deep troll shamans
  5 tengu warriors
  8 shock serpents
  Urug (D:13)
  3 spriggan berserkers
  3 orc high priests (Orc:2)
  10 naga sharpshooters
  Sonja (D:13)
  7 hell knights
  5 salamander mystics
  6 skeletal warriors
  A sun demon (Depths:1)
  6 iron trolls
  A sixfirhy (Depths:4)
  A swamp dragon (Lair:5)
  22 deep trolls
  16 sea snakes
  A spark wasp zombie (Depths:3)
  A flayed ghost (Depths:3)
  A sea snake (shapeshifter) (Depths:3)
  A glowing orange brain (Depths:3)
  A death drake (shapeshifter) (D:14)
  5 lindwurms
  5 naga ritualists
  An obsidian statue (Depths:3)
  4 wizards
  5 orc knights
  3 deep elf pyromancers
  5 necromancers
  A harpy (shapeshifter) (Depths:3)
  3 phantasmal warriors
  11 fauns
  3 oklob plants (Depths:2)
  6 orc sorcerers
  3 frost giant zombies (D:15)
  6 mana vipers
  14 manticores
  30 harpies
  A mana viper (shapeshifter) (Depths:3)
  30 ugly things
  4 cyclopes
  18 salamanders
  23 naga magi
  A frost giant skeleton (D:15)
  6 elephants
  2 vault sentinels (Vaults:1)
  A rust devil (Depths:2)
  A black mamba (shapeshifter) (D:13)
  6 guardian serpents
  A smoke demon (Depths:1)
  40 black mambas
  An ice statue (IceCv)
  13 merfolk sirens
  3 water nymphs (Shoals:4)
  A guardian serpent (shapeshifter) (Depths:3)
  A cane toad (shapeshifter) (Depths:3)
  An orange demon (Depths:2)
  5 cane toads
  A gargoyle (D:12)
  2 unseen horrors
  A torpor snail (Lair:5)
  9 komodo dragons
  7 rime drakes
  4 freezing wraiths
  2 yaktaurs (Vaults:1)
  2 anaconda simulacra (IceCv)
  A hellwing (Depths:2)
  14 merfolk
  12 ice devils
  9 polar bears (Lair:5)
  4 tengu conjurers
  5 wind drakes
  4 trolls
  A meliai (shapeshifter) (Depths:3)
  11 hornets
  12 snapping turtles
  A tengu simulacrum (Depths:3)
  5 blink frogs (Lair:5)
  6 dream sheep
  A raiju (shapeshifter) (Depths:3)
  2 dream sheep (shapeshifter)
  A tarantella (shapeshifter) (Depths:3)
  3 raiju (Lair:5)
  Sigmund (D:3)
  4 spriggans
  8 wraiths
  2 shadows (D:12)
  4 wyverns
  17 water elementals
  A vampire (D:12)
  29 yaks
  5 hogs (Shoals:4)
  A dire elephant simulacrum (IceCv)
  A human (Shoals:4)
  5 steam dragons
  2 basilisks (D:10)
  A death yak simulacrum (IceCv)
  2 chaos spawn (Depths:4)
  47 nagas
  2 harpy simulacra (IceCv)
  5 wargs
  10 vampire mosquitoes
  2 acid dragons
  A floating eye (Depths:4)
  13 hell hounds (Lair:5)
  2 water moccasins (shapeshifter) (Depths:3)
  8 water moccasins
  18 orc warriors
  2 hydra simulacra (IceCv)
  A swamp drake (Lair:5)
  A sky beast (D:8)
  3 ice beasts
  13 black bears
  6 ogres
  An ogre (shapeshifter) (Depths:3)
  21 wolves
  16 centaurs
  4 kobold brigands
  3 gnoll sergeants
  2 necrophages
  15 bullfrogs
  A two-headed ogre simulacrum (IceCv)
  4 scorpions
  5 cane toad simulacra (IceCv)
  A wight (D:7)
  4 killer bees (D:8)
  4 elephant simulacra (IceCv)
  2 howler monkeys
  4 hounds
  2 jellies
  16 orc priests
  2 gnoll boudas (D:6)
  12 iguanas
  An iguana (shapeshifter) (D:13)
  Natasha (thrice) (D:3)
  19 orc wizards
  3 troll simulacra (IceCv)
  A spriggan simulacrum (IceCv)
  5 polar bear simulacra (IceCv)
  5 wolf simulacra (IceCv)
  30 gnolls
  8 river rats
  13 adders
  A white imp (D:6)
  2 ufetubi
  2 dart slugs
  41 orcs
  24 ball pythons
  9 endoplasms
  4 giant cockroaches
  4 goblins
  9 hobgoblins
  8 quokkas
  7 bats
  8 frilled lizards
  25 kobolds
  20 rats
  6 tentacles
1286 creatures vanquished.

Vanquished Creatures (others)
  A harpy (Shoals:3)
  6 bushes (Depths:4)
  14 fungi
  65 plants
  9 tentacles
  8 withered plants
103 creatures vanquished.

Grand Total: 1389 creatures vanquished

Notes
Turn   | Place    | Note
-------+----------+-------------------------------------------
     0 | D:1      | safid the Minotaur Hunter began the quest for the Orb.
     0 | D:1      | Reached XP level 1. HP: 18/18 MP: 0/0
   124 | D:1      | Reached XP level 2. HP: 25/25 MP: 1/1
   704 | D:2      | Reached skill level 5 in Ranged Weapons
   704 | D:2      | Reached XP level 3. HP: 31/31 MP: 2/2
   783 | D:2      | Found a faded altar of an unknown god.
  1394 | D:3      | Noticed Sigmund
  1780 | D:3      | Reached XP level 4. HP: 15/40 MP: 3/3
  1980 | D:3      | Killed Sigmund
  1981 | D:3      | Reached skill level 5 in Fighting
  1981 | D:3      | Reached skill level 6 in Ranged Weapons
  1981 | D:3      | Reached XP level 5. HP: 43/48 MP: 4/4
  2049 | D:3      | Noticed an ice beast
  2069 | D:3      | Killed an ice beast
  2070 | D:3      | Reached XP level 6. HP: 8/57 MP: 5/5
  2439 | D:3      | Noticed Natasha
  2446 | D:3      | Killed Natasha
  2473 | D:3      | Noticed Natasha
  2475 | D:3      | Killed Natasha
  2622 | D:3      | Found a basalt altar of Yredelemnul.
  2790 | D:3      | Found a blossoming altar of Fedhas.
  2876 | D:3      | Noticed Natasha
  2886 | D:3      | Killed Natasha
  2929 | D:3      | Found a hazy altar of Hepliaklqana.
  3123 | D:4      | Reached skill level 7 in Ranged Weapons
  3133 | D:4      | Reached XP level 7. HP: 57/64 MP: 6/6
  3249 | D:4      | Found a runed translucent door.
  3250 | D:4      | Noticed jaketheleper's ghost (weakling TrEE)
  3319 | D:4      | Found a staircase to the Ecumenical Temple.
  3329 | Temple   | Entered the Ecumenical Temple
  3487 | D:4      | Found a glowing drain.
  3493 | Sewer    | Entered a sewer
  3723 | Sewer    | Reached skill level 8 in Ranged Weapons
  3915 | D:4      | Found a hide-covered altar of Uskayaw.
  4219 | D:4      | Found a runed translucent door.
  4220 | D:4      | Noticed Crazy Yiuf
  4309 | D:5      | Entered Level 5 of the Dungeon
  4347 | D:5      | Reached XP level 8. HP: 74/74 MP: 7/7
  4426 | D:5      | Reached skill level 9 in Ranged Weapons
  4865 | D:5      | Reached skill level 10 in Ranged Weapons
  4896 | D:5      | Found a runed translucent gate.
  4896 | D:5      | Found a runed translucent gate.
  4896 | D:5      | Found a runed translucent gate.
  4901 | D:5      | Noticed DemonSlayer's ghost (novice OpFE)
  4901 | D:5      | Noticed funnyparkerb's ghost (amateur OpTm)
  5333 | D:6      | Found Ceykax's Antique Armour Boutique.
  5395 | D:6      | Bought a distressingly furry scale mail for 216 gold pieces
  5395 | D:6      | Identified the +2 scale mail of Death's Door {Dex+7} (You
                  | bought it in a shop on level 6 of the Dungeon)
  5418 | D:6      | Reached skill level 11 in Ranged Weapons
  5471 | D:6      | Found Weblakki's General Store.
  5497 | D:6      | Bought a scroll of noise for 14 gold pieces
  5619 | D:6      | Found Ohock's Jewellery Shop.
  5725 | D:6      | Reached XP level 9. HP: 81/81 MP: 8/8
  5798 | D:6      | Reached skill level 12 in Ranged Weapons
  5874 | D:6      | Found a snail-covered altar of Cheibriados.
  5908 | D:6      | Found Vokogy's Armour Shop.
  6371 | D:7      | Found an ornate altar of the Wu Jian Council.
  6577 | D:7      | Found a burning altar of Makhleb.
  6640 | D:7      | Reached skill level 13 in Ranged Weapons
  6900 | D:8      | Found an ancient bone altar of Kikubaaqudgha.
  7248 | D:8      | Found an iron altar of Okawaru.
  7257 | D:8      | Became a worshipper of Warmaster Okawaru
  7446 | D:8      | Reached skill level 14 in Ranged Weapons
  7486 | D:8      | Identified 3 scrolls of acquirement
  7487 | D:8      | Acquired the +10 longbow "Ventite" {venom, Int+2 Dex+4}
  7490 | D:8      | Acquired 618 gold pieces
  7492 | D:8      | Acquired a +4 hand crossbow of freezing
  7629 | D:6      | Bought a +2 kite shield of protection for 301 gold pieces
  7840 | D:9      | Reached skill level 1 in Armour
  7988 | D:9      | Reached skill level 1 in Shields
  7988 | D:9      | Reached skill level 1 in Invocations
  7993 | D:9      | Noticed a two-headed ogre
  7995 | D:9      | Killed a two-headed ogre
  7995 | D:9      | Reached * piety under Okawaru
  7996 | D:9      | Reached XP level 10. HP: 89/89 MP: 8/10
  8142 | D:9      | Reached ** piety under Okawaru
  8314 | D:10     | Entered Level 10 of the Dungeon
  8314 | D:10     | Noticed a manticore
  8317 | D:10     | Killed a manticore
  8334 | D:10     | Noticed a tengu warrior
  8340 | D:10     | Killed a tengu warrior
  8340 | D:10     | Reached *** piety under Okawaru
  8401 | D:10     | Acquired 975 gold pieces
  8417 | D:10     | Noticed a two-headed ogre
  8421 | D:10     | Killed a two-headed ogre
  8530 | D:10     | Noticed Fannar
  8538 | D:10     | Killed Fannar
  8641 | D:10     | Reached XP level 11. HP: 97/97 MP: 12/12
  8888 | D:10     | Got the Parchment of the Iceberg
  8953 | D:10     | Reached **** piety under Okawaru
  8955 | D:10     | Reached skill level 5 in Dodging
  8986 | D:10     | Reached skill level 5 in Armour
  8999 | D:10     | Found a staircase to the Lair.
  9213 | Lair:1   | Entered Level 1 of the Lair of Beasts
  9325 | Lair:1   | Reached skill level 5 in Shields
  9436 | Lair:1   | Noticed an eight-headed hydra
  9439 | Lair:1   | Killed an eight-headed hydra
  9439 | Lair:1   | Reached ***** piety under Okawaru
  9484 | Lair:1   | Reached skill level 10 in Fighting
  9484 | Lair:1   | Reached skill level 15 in Ranged Weapons
  9484 | Lair:1   | Reached skill level 5 in Invocations
 10056 | Lair:2   | Noticed a five-headed hydra
 10061 | Lair:2   | Killed a five-headed hydra
 10276 | Lair:2   | Received a gift from Okawaru
 10974 | Lair:3   | Reached XP level 12. HP: 93/107 MP: 15/15
 11049 | Lair:3   | Found a staircase to the Shoals.
 11059 | Lair:3   | Found a runed translucent gate.
 11059 | Lair:3   | Found a runed translucent gate.
 11060 | Lair:3   | Found a runed translucent gate.
 11087 | Lair:3   | Noticed a catoblepas
 11098 | Lair:3   | Killed a catoblepas
 11135 | Lair:3   | Found a staircase to the Snake Pit.
 11428 | Lair:3   | Noticed Riqior's ghost (journeyman GnIE)
 11428 | Lair:3   | Noticed Banquo's ghost (journeyman DjAE)
 11428 | Lair:3   | Noticed Yjeari's ghost (journeyman GrMo)
 11509 | Lair:3   | Noticed a death yak
 11510 | Lair:3   | Noticed a death yak
 11511 | Lair:3   | Noticed a death yak
 11516 | Lair:3   | Killed a death yak
 11522 | Lair:3   | Killed a death yak
 11527 | Lair:3   | Killed a death yak
 11618 | Lair:3   | Noticed a seven-headed hydra
 11621 | Lair:3   | Killed a seven-headed hydra
 11974 | Lair:4   | Noticed a catoblepas
 12157 | Lair:4   | Killed a catoblepas
 12231 | Lair:4   | You fall into a shaft and drop 1 floor!
 12231 | Lair:5   | Entered Level 5 of the Lair of Beasts
 12231 | Lair:5   | Noticed gdog's ghost (journeyman GnDe)
 12283 | Lair:5   | Reached ****** piety under Okawaru
 12297 | Lair:4   | Found the necklace of Bloodlust {*Rage Will++ Int-3 Slay+6}
 12335 | Lair:4   | Found a staircase to the Slime Pits.
 12342 | Lair:4   | Received a gift from Okawaru
 12706 | Lair:5   | Reached XP level 13. HP: 117/117 MP: 17/17
 12707 | Lair:5   | Reached skill level 16 in Ranged Weapons
 12709 | Lair:5   | Found a frozen archway.
 12720 | IceCv    | Entered an ice cave
 13085 | IceCv    | Found an ancient bone altar of Kikubaaqudgha.
 13265 | IceCv    | Identified the ring "Ofearcha" {+Blink rElec rPois rN+
                  | Str-5}
 13335 | IceCv    | Reached skill level 10 in Shields
 13520 | Lair:5   | Found the +3 Elemental Staff {rElec rF++ rC++ AC+5}
 13560 | Lair:5   | Found a runed translucent door.
 13829 | Lair:5   | Reached skill level 1 in Evocations
 13840 | Lair:5   | Identified the +6 longbow "Cunty" {venom, Dex+4} (Okawaru
                  | gifted it to you on level 5 of the Lair of Beasts)
 13840 | Lair:5   | Received a gift from Okawaru
 14083 | Lair:5   | Noticed a fire dragon
 14089 | Lair:5   | Killed a fire dragon
 14512 | Lair:5   | Reached skill level 10 in Invocations
 14532 | Lair:5   | Received a gift from Okawaru
 14551 | Lair:5   | Reached XP level 14. HP: 126/126 MP: 20/20
 14707 | Lair:5   | Killed gdog's ghost
 14963 | D:11     | Identified the +4 trident of Beogh's Wrath {speed, Drain
                  | rF+++ Int+7 Dex-3}
 15456 | D:12     | Found a staircase to the Orcish Mines.
 15881 | D:12     | Found Luefal's Book Emporium.
 16063 | Orc:1    | Entered Level 1 of the Orcish Mines
 16498 | Orc:1    | Noticed Erica
 16506 | Orc:1    | Killed Erica
 16689 | Orc:2    | Entered Level 2 of the Orcish Mines
 16871 | Orc:2    | Found Zahus's Book Shop.
 16932 | Orc:2    | Found a staircase to the Elven Halls.
 17103 | Orc:2    | Received a gift from Okawaru
 17104 | Orc:2    | Reached skill level 5 in Evocations
 17138 | Orc:2    | Found Vonuwk's Armour Shoppe.
 17143 | Orc:2    | Found Qynuker's Book Shop.
 17159 | Orc:2    | Found Buemalol's General Store.
 17161 | Orc:2    | Found Dowyjeh's Book Shoppe.
 17167 | Orc:2    | Bought a scroll of teleportation for 48 gold pieces
 17582 | D:13     | Reached skill level 17 in Ranged Weapons
 17718 | D:13     | Noticed Urug
 17724 | D:13     | Killed Urug
 17886 | D:13     | Found a gate to the Vaults.
 17950 | D:13     | Noticed Sonja
 17970 | D:13     | Killed Sonja
 18092 | D:14     | Found a shadowy altar of Dithmenos.
 18334 | D:14     | Reached XP level 15. HP: 138/138 MP: 21/21
 18399 | D:14     | Found an opulent altar of Gozag.
 18647 | D:14     | Identified the +2 pair of boots of Xisuty {rF- rN++ Int+3}
                  | (Okawaru gifted it to you on level 14 of the Dungeon)
 18647 | D:14     | Received a gift from Okawaru
 19023 | D:15     | Entered Level 15 of the Dungeon
 19286 | D:15     | Reached skill level 15 in Fighting
 19348 | D:15     | Reached skill level 18 in Ranged Weapons
 19358 | D:15     | Found a staircase to the Depths.
 19413 | D:15     | Identified the +4 falchion "Kubuth" {holy, *Corrode +Blink
                  | rF+ Str+5}
 19525 | D:15     | Found a transporter.
 19529 | D:15     | Noticed Bananafolds's ghost (adept NaVM)
 19530 | D:15     | Identified the +1 great mace of Sunlight {flame, Str+4}
 19530 | D:15     | Noticed a fire giant
 19531 | D:15     | Noticed a frost giant
 19532 | D:15     | Found a transporter.
 19974 | Snake:1  | Entered Level 1 of the Snake Pit
 20150 | Snake:1  | Received a gift from Okawaru
 20286 | Snake:1  | Found Leuqiak's Book Shop.
 20287 | Snake:1  | Found Donoad's Jewellery Shoppe.
 20289 | Snake:1  | Found Banidas's Book Shop.
 20305 | Snake:1  | Bought a book of Spatial Translocations for 416 gold pieces
 20308 | Snake:1  | Learned a level 2 spell: Blink
 20378 | Snake:2  | Reached skill level 1 in Translocations
 20415 | Snake:2  | Received a gift from Okawaru
 20741 | Snake:2  | Reached skill level 19 in Ranged Weapons
 20830 | Snake:2  | Identified the +7 sling of Midnight {vorpal, rF+} (Okawaru
                  | gifted it to you on level 2 of the Snake Pit)
 20830 | Snake:2  | Received a gift from Okawaru
 20837 | Snake:2  | Reached XP level 16. HP: 82/151 MP: 20/22
 21326 | Snake:2  | Noticed Aizul
 21338 | Snake:2  | Killed Aizul
 21884 | Snake:3  | Reached skill level 5 in Translocations
 21941 | Snake:3  | Identified the +0 cloak of the End {Str+3} (Okawaru gifted
                  | it to you on level 3 of the Snake Pit)
 21941 | Snake:3  | Received a gift from Okawaru
 22186 | Snake:3  | Reached skill level 20 in Ranged Weapons
 22603 | Snake:4  | Entered Level 4 of the Snake Pit
 22771 | Snake:4  | Found Ifeyf's General Store.
 22774 | Snake:4  | Bought a potion of lignification for 45 gold pieces
 22774 | Snake:4  | Bought a potion of curing for 45 gold pieces
 22774 | Snake:4  | Bought a potion of curing for 45 gold pieces
 22774 | Snake:4  | Bought 2 potions of curing for 90 gold pieces
 23362 | Snake:4  | Identified the +1 robe "Xepnerek" {Regen+ Dex+3} (Okawaru
                  | gifted it to you on level 4 of the Snake Pit)
 23362 | Snake:4  | Received a gift from Okawaru
 23428 | Snake:4  | Reached XP level 17. HP: 146/158 MP: 23/23
 23518 | Snake:4  | Reached skill level 10 in Armour
 23714 | Snake:4  | Got a serpentine rune of Zot
 23822 | Snake:4  | Reached skill level 10 in Dodging
 24345 | Depths:1 | Entered Level 1 of the Depths
 24406 | Depths:1 | Noticed the Enchantress
 24580 | Depths:1 | Found the +8 whip "Snakebite" {venom, curare, rPois}
 24596 | Depths:1 | Found a gateway to Hell.
 24597 | Depths:1 | Identified the +9 glaive of the Pill Bug {vamp, rC- rN+
                  | Str+8 Int-4}
 24626 | Depths:1 | Paralysed by a vampire knight for 3 turns
 24631 | Depths:1 | Received a gift from Okawaru
 24631 | Depths:1 | Found the +8 storm bow {elec, penet}
 24634 | Depths:1 | Paralysed by a vampire knight for 2 turns
 24999 | Shoals:1 | Entered Level 1 of the Shoals
 25014 | Shoals:1 | Noticed Louise
 25015 | Abyss:3  | Cast into level 3 of the Abyss (Louise)
 25022 | Shoals:1 | Escaped the Abyss
 25031 | Shoals:1 | Killed Louise
 25167 | Shoals:1 | Reached skill level 21 in Ranged Weapons
 25531 | Shoals:1 | Noticed Josephine
 25541 | Shoals:1 | Killed Josephine
 25738 | Shoals:2 | Identified the +2 hat of Piw Syi {Int+2} (Okawaru gifted it
                  | to you on level 2 of the Shoals)
 25738 | Shoals:2 | Received a gift from Okawaru
 25767 | Shoals:2 | Noticed a kraken
 25780 | Shoals:2 | Killed a kraken
 26315 | Shoals:3 | Reached XP level 18. HP: 166/166 MP: 24/24
 26707 | Shoals:4 | Entered Level 4 of the Shoals
 26732 | Shoals:4 | Identified the +7 ring mail of Mixy {Harm Str+4}
 26824 | Shoals:4 | Reached skill level 22 in Ranged Weapons
 27066 | Shoals:4 | Noticed Kirke
 27068 | Shoals:4 | Received a gift from Okawaru
 27074 | Shoals:4 | Killed Kirke
 27362 | Shoals:4 | Identified the amulet "Duampykk" {Reflect -Cast Harm Str+8
                  | Int-5 SH+5}
 27668 | Shoals:4 | Got a barnacled rune of Zot
 28260 | Depths:2 | Received a gift from Okawaru
 28297 | Depths:2 | Found a one-way gate leading to the halls of Pandemonium.
 28474 | Depths:2 | Noticed a walking crystal tome
 28493 | Depths:2 | Killed a walking crystal tome
 28794 | Depths:2 | Noticed Asterion
 28804 | Depths:2 | Killed Asterion
 29498 | Depths:2 | Received a gift from Okawaru
 29498 | Depths:2 | Found the +8 orange crystal plate armour {Archmagi, Int+3
                  | Clar}
 29624 | Depths:3 | Found a one-way gate to the infinite horrors of the Abyss.
 29914 | Depths:3 | Noticed a walking crystal tome
 29918 | Depths:3 | Reached XP level 19. HP: 177/177 MP: 20/26
 30724 | Depths:3 | Received a gift from Okawaru
 30742 | Depths:3 | Identified the +0 cloak "Qituekh" {Fly Dex+6}
 30812 | Depths:3 | Identified the +2 robe of the Great Game {Regen+}
 30917 | Depths:3 | Noticed a golden dragon
 30930 | Depths:3 | Killed a golden dragon
 31251 | Depths:4 | Entered Level 4 of the Depths
 31407 | Depths:4 | Found a white marble altar of Elyvilon.
 31544 | Depths:4 | Found a gate to the Realm of Zot.
 31546 | Depths:4 | Noticed a bone dragon
 31564 | Depths:4 | Killed a bone dragon
 31775 | Depths:4 | Found a corrupted altar of Lugonu.
 31800 | Depths:4 | Received a gift from Okawaru
 32153 | Depths:4 | Identified the +1 falchion of a volcano {flame, rPois
                  | rCorr}
 32251 | Depths:4 | Noticed Parghit
 32267 | Depths:4 | Killed Parghit
 32415 | Depths:4 | Reached skill level 10 in Translocations
 32419 | Depths:4 | Reached XP level 20. HP: 189/189 MP: 28/28
 32832 | Vaults:1 | Entered Level 1 of the Vaults
 33033 | Vaults:1 | Received a gift from Okawaru
 33155 | Vaults:1 | Reached skill level 23 in Ranged Weapons
 33335 | Vaults:1 | Noticed Agnes
 33342 | Vaults:1 | Killed Agnes
 33343 | Vaults:1 | Reached skill level 1 in Stealth
 33507 | Vaults:1 | Noticed Sojobo
 33520 | Vaults:1 | Paralysed by an air elemental for 1 turns
 33526 | Arena    | Entered the Arena
 33532 | Arena    | Paralysed by an air elemental for 1 turns
 33538 | Arena    | Paralysed by an air elemental for 1 turns
 33541 | Arena    | HP: 8/191 [Sojobo/the air (9)]
 33545 | Arena    | Paralysed by an air elemental for 1 turns
 33546 | Arena    | HP: 6/191 [air elemental[Sojobo] (4)]
 33552 | Arena    | HP: 8/191 [air elemental/stunning burst[Sojobo] (1)]
 33554 | Arena    | HP: 2/191 [air elemental[Sojobo] (10)]
 33554 | Arena    | Paralysed by an air elemental for 1 turns
 33554 | Arena    | Slain by an air elemental

Illustrated notes

Levels and vault maps discovered:
D:1:      dpeg_arrival_arbitrary_a, layout_rooms, chequers_serial_rivers_large_a
D:2:      layout_loops_ring, shapermc_ecumenical_altar_gd
D:3:      layout_basic, mainiacjoe_overflow_boulevard,
          mainiacjoe_overflow_paths, nicolae_overflow_hidden_temple,
          uniq_sigmund, uniq_natasha
D:4:      layout_basic, nicolae_uskayaw_dance_hall, minmay_temple_entry_trees,
          gup_sewer_entry_bubbles, ebering_ghost_reflecting_pool,
          grunt_ministairs_3, uniq_crazy_yiuf_cottage
D:5:      layout_basic, gammafunk_ghost_cemetery
D:6:      layout_loops_ring, lemuel_tele_altar, serial_shops, shop,
          nicolae_shop_advertising_works [nicolae_subvault_shop_adworks], shop,
          nicolae_diamond_shop
D:7:      layout_cave_pools, mainiacjoe_overflow_catwalk, marbit_many_paths,
          chequers_serial_rivers_micro_b, kennysheep_generic_room_8
D:8:      layout_loops_corners, lemuel_coloured_pillars_altar,
          kiku_gazebo_garden_becter
D:9:      layout_roguey
D:10:     layout_roguey, erik_lair_dragon, minmay_microvault, uniq_fannar
D:11:     layout_cave_pools
D:12:     layout_roguey, orc_0_dummy, serial_shops, nicolae_shop_statue_plus
D:13:     layout_cave_pools, david_vaults_4, uniq_sonja, uniq_urug
D:14:     layout_stronghold, grunt_dithmenos_smoke_and_mirrors,
          grunt_gozag_statues
D:15:     gammafunk_depths_entry_grave, layout_gridville, gammafunk_ghost_smash,
          minivault_26, hangedman_decor_riveting, serial_bayou_pond_a
Temple:   hellmonk_temple_forest_ring
Lair:1:   layout_cave_pods, infiniplex_staircase_pool_2
Lair:2:   layout_cave_pods, chequers_serial_rivers_micro_b, serial_bayou_pond_a
Lair:3:   layout_regular_city, elwin_shoals_entry_rocks,
          minmay_snake_entry_guardpost_medium, gammafunk_ghost_cemetery,
          dreamdust_wasp_nest
Lair:4:   layout_hall_layers, slime_entry_1
Lair:5:   hangedman_lair_caniforms_friends, layout_cave_pods,
          guppyfry_lair_end_dragon, hellmonk_ghost_happy_afterlife,
          portal_ice_cave_rime
Shoals:1: layout_shoals, uniq_louise, uniq_josephine
Shoals:2: nicolae_shoals_lighthouse, layout_shoals, nicolae_shoals_mertower
Shoals:3: layout_shoals
Shoals:4: shoals_end_hangedman, layout_shoals, uniq_kirke
Snake:1:  layout_rooms, minmay_shop_grove
Snake:2:  layout_basic, hangedman_venom_bottle, uniq_aizul
Snake:3:  layout_onion, nrook_loot_triangle, serial_bayou_pond_e,
          grunt_megastairs_4
Snake:4:  grunt_snake_rune_pools, layout_gridlike, serial_shops, shop,
          grunt_ministairs_14
Orc:1:    layout_diamond_mine, uniq_erica
Orc:2:    st_orc_elflike, layout_diamond_mine, serial_shops,
          nicolae_shop_hallway_plus
Vaults:1: vaults_room_semicircle, hangedman_vaults_unwind,
          hangedman_vaults_corner, v_misc_11, vaults_mumra_chevron_long,
          vaults_dpeg_emergency_exit, nicolae_vaults_circle_grid_b,
          vaults_room_grunt_arrival_ludios, vaults_mumra_lcd, v_misc_18,
          v_misc_16, sword_in_stone, nicolae_vaults_diagonal_hallway_7,
          ontoclasm_vaults_pinch, layout_vaults_omnibox
Depths:1: layout_roguey, enter_ziggurat_b, lightli_too_deep, pan_entry,
          kennysheep_cluttered_room, chequers_serial_rivers_small_3,
          serial_bayou_pond_e, nicolae_ru_awakened_eye, uniq_enchantress
Depths:2: dpeg_oklob_gauntlet, layout_basic, hangedman_coc_ice_floe,
          rand_demon_pan_entry_7, uniq_josephina, uniq_asterion
Depths:3: vault_1, layout_cave_shapes, hell_entry,
          nicolae_abyss_entry_one_way_or_another, chequers_decorated_corner
Depths:4: grunt_zot_entry_funnels, layout_basic, abyss_entry_flame_altar,
          nicolae_elyvilon_peaceful_grove, hell_entry, rand_demon_pan_entry_5,
          serial_bayou_shore_b, uniq_parghit
Arena

Skill      XL: |  1  2  3  4  5  6  7  8  9 10 11 12 13 14 15 16 17 18 19 20 |
---------------+-------------------------------------------------------------+-----
Fighting       | 3 4 5 6 8 9 10 11 12 14 16 17 18 19 | 19.4
Ranged Weapons | 5 6 7 8 11 14 15 16 17 19 20 21 22 23 | 23.2
Armour         | 2 4 6 8 9 12 13 14 | 14.0
Shields        | 1 4 6 8 12 14 | 14.0
Invocations    | 1 3 5 7 10 11 12 | 12.0
Dodging        | 3 4 6 8 9 11 13 14 | 14.0
Evocations     | 4 5 |  5.0
Translocations | 3 6 8 9 10 | 10.0
Stealth        | 1 |  1.0

Action                   |  1- 3 |  4- 6 |  7- 9 | 10-12 | 13-15 | 16-18 | 19-21 || total
-------------------------+-------+-------+-------+-------+-------+-------+-------++-------
Melee: Shortbow          |     1 |       |       |       |       |       |       ||     1
       Hand crossbow     |       |       |       |       |     1 |       |       ||     1
 Fire: Shortbow          |   110 |    79 |   413 |       |       |       |       ||   602
       Arbalest          |       |       |    56 |       |       |       |       ||    56
       Hand crossbow     |       |       |    30 |   346 |  1087 |  1272 |   637 ||  3372
 Cast: Blink             |       |       |       |       |       |       |     1 ||     1
Invok: Heroism           |       |       |       |     1 |       |       |       ||     1
       Finesse           |       |       |       |     2 |     4 |    12 |    10 ||    28
       Duel              |       |       |       |       |       |       |     1 ||     1
 Abil: Evoke Blink       |       |       |       |       |     1 |     1 |     2 ||     4
  Use: Scroll            |       |       |    16 |    12 |     6 |    14 |     7 ||    55
       Potion            |       |       |       |       |     2 |     9 |     8 ||    19
Armor: Leather armour    |     4 |       |       |       |       |       |       ||     4
       Ring mail         |    11 |    18 |    48 |       |       |       |       ||    77
       Scale mail        |       |       |    33 |    42 |   351 |   320 |   130 ||   876
Dodge: Dodged            |    31 |    26 |   244 |    77 |   329 |   407 |   253 ||  1367
Block: Kite shield       |       |       |     1 |   109 |   826 |   921 |   383 ||  2240
